| TOP OF THE 1ST |
|
Toronto Blue Jays batting - Pitching for Washington Nationals : RHP Reece Nichols
|
|
Pitching: RHP Reece Nichols
|
|
|
Batting: LHB Jon Schick
|
0-0: Ball 1-0: Called Strike 1-1: Ball 2-1: Ball 3-1: Called Strike 3-2: Foul Ball, location: 2F 3-2: Strikes out swinging
|
|
Batting: RHB Shigem Kubo
|
0-0: Ball 1-0: Foul Ball, location: 2F 1-1: Ground out 4-3 (Groundball, 34, EV 108.1 MPH)
|
|
Batting: SHB Zory Larikov
|
0-0: Called Strike 0-1: Fly out, F7 (Flyball, 7D, EV 101.3 MPH)
|
| Top of the 1st over - 0 runs, 0 hits, 0 errors, 0 left on base; Toronto 0 - Washington 0 |
| BOTTOM OF THE 1ST |
|
Washington Nationals batting - Pitching for Toronto Blue Jays : RHP Tony Rios
|
|
Pitching: RHP Tony Rios
|
|
|
Batting: SHB Andrew Wray II
|
0-0: Foul Ball, location: 2F 0-1: Swinging Strike 0-2: Ball 1-2: Ball 2-2: Foul Ball, location: 2F 2-2: DOUBLE (Groundball, 3L, EV 108.8 MPH)
|
|
Batting: RHB C.J. Beavers
|
0-0: Ball 1-0: Bunted foul 1-1: Ball 2-1: Bunted foul 2-2: Fly out, F8 (Flyball, 8LD, EV 89.4 MPH)
|
|
Batting: LHB R.J. O'Brien
|
0-0: Ball 1-0: Ground out 4-3 (Groundball, 34D, EV 105.6 MPH) Andrew Wray II to third
|
|
Batting: RHB John Sanders
|
0-0: Swinging Strike 0-1: Called Strike 0-2: Ball 1-2: Fly out, F8 (Flyball, 89XD, EV 80.6 MPH)
|
| Bottom of the 1st over - 0 runs, 1 hit, 0 errors, 1 left on base; Toronto 0 - Washington 0 |
| TOP OF THE 2ND |
|
Toronto Blue Jays batting - Pitching for Washington Nationals : RHP Reece Nichols
|
|
Batting: RHB Kirk Arp
|
0-0: Called Strike 0-1: Ball 1-1: Swinging Strike 1-2: Foul Ball, location: 2F 1-2: Strikes out swinging
|
|
Batting: RHB Ruben Velasco
|
0-0: Foul Ball, location: 2F 0-1: Ball 1-1: Ball 2-1: Called Strike 2-2: Ground out 6-3 (Groundball, 6, EV 82.5 MPH)
|
|
Batting: LHB Gabe White
|
0-0: Ball 1-0: Foul Ball, location: 2F 1-1: Ball 2-1: Swinging Strike 2-2: Foul Ball, location: 2F 2-2: Strikes out looking
|
| Top of the 2nd over - 0 runs, 0 hits, 0 errors, 0 left on base; Toronto 0 - Washington 0 |
| BOTTOM OF THE 2ND |
|
Washington Nationals batting - Pitching for Toronto Blue Jays : RHP Tony Rios
|
|
Batting: LHB Armando Carbajal
|
0-0: DOUBLE (Line Drive, 7LM, EV 104.4 MPH)
|
|
Batting: SHB Junzo Kato
|
0-0: Called Strike 0-1: Ball 1-1: Foul Ball, location: 2F 1-2: Ball 2-2: Ball 3-2: SINGLE (Line Drive, 9S, EV 85.0 MPH) Armando Carbajal to third Throwing error, E9 Armando Carbajal scores Junzo Kato to second
|
|
Batting: RHB Luis Torres
|
0-0: Called Strike 0-1: Ball 1-1: Swinging Strike 1-2: Ball 2-2: Ball 3-2: Foul Ball, location: 2F 3-2: Foul Ball, location: 2F 3-2: Foul Ball, location: 2F 3-2: Ground out 4-3 (Groundball, 4M, EV 100.6 MPH) Junzo Kato to third
|
|
Batting: LHB Yasahiko Teshima
|
0-0: Foul Ball, location: 2F 0-1: Called Strike 0-2: Ground out 6-3 (Groundball, 6, EV 85.6 MPH) Junzo Kato scores
|
|
Batting: RHB Mike Blair
|
0-0: Called Strike 0-1: Fly out, F8 (Flyball, 8LM, EV 88.1 MPH)
|
| Bottom of the 2nd over - 2 runs, 2 hits, 1 error, 0 left on base; Toronto 0 - Washington 2 |
| TOP OF THE 3RD |
|
Toronto Blue Jays batting - Pitching for Washington Nationals : RHP Reece Nichols
|
|
Batting: RHB Adam Burke
|
0-0: Ball 1-0: Called Strike 1-1: Ball 2-1: Swinging Strike 2-2: DOUBLE (Line Drive, 9LS, EV 92.5 MPH)
|
|
Batting: LHB Isto Mäyrä
|
0-0: Called Strike 0-1: Ball 1-1: DOUBLE (Line Drive, 9LM, EV 94.4 MPH) Adam Burke scores
|
|
Batting: RHB Cole Zelinski
|
0-0: Called Strike 0-1: Ball 1-1: Fly out, F9 (Flyball, 89S, EV 85.0 MPH)
|
|
Batting: LHB Jon Schick
|
0-0: Ball 1-0: Swinging Strike 1-1: Foul Ball, location: 2F 1-2: Strikes out looking
|
|
Batting: RHB Shigem Kubo
|
0-0: Called Strike 0-1: Foul Ball, location: 2F 0-2: Ball 1-2: Foul Ball, location: 2F 1-2: Ball 2-2: Ground out 4-3 (Groundball, 4, EV 88.1 MPH)
|
| Top of the 3rd over - 1 run, 2 hits, 0 errors, 1 left on base; Toronto 1 - Washington 2 |
| BOTTOM OF THE 3RD |
|
Washington Nationals batting - Pitching for Toronto Blue Jays : RHP Tony Rios
|
|
Batting: SHB Andrew Wray II
|
0-0: Ball 1-0: Foul Ball, location: 2F 1-1: Ball 2-1: Foul Ball, location: 2F 2-2: Fly out, F9 (Flyball, 9, EV 95.6 MPH)
|
|
Batting: RHB C.J. Beavers
|
0-0: Ball 1-0: TRIPLE (Flyball, 8LXD, EV 91.9 MPH)
|
|
Batting: LHB R.J. O'Brien
|
0-0: Called Strike 0-1: SINGLE (Groundball, 6MD, EV 103.1 MPH) C.J. Beavers scores
|
|
Batting: RHB John Sanders
|
0-0: Called Strike 0-1: Ball 1-1: Ball 2-1: Fly out, F3 (Popup, 3F, EV 51.3 MPH)
|
|
Batting: LHB Armando Carbajal
|
0-0: Called Strike R.J. O'Brien steals 2nd base 0-1: Ball 1-1: Called Strike 1-2: SINGLE (Groundball, 34D, EV 96.3 MPH) R.J. O'Brien to third Runner from 3rd tries for Home, SAFE, throw by RF to home
|
|
Batting: SHB Junzo Kato
|
0-0: 2-RUN HOME RUN (Flyball, 9D, EV 103.1 MPH), Distance : 370 ft
|
|
Batting: RHB Luis Torres
|
0-0: Ball 1-0: Called Strike 1-1: Swinging Strike 1-2: Strikes out swinging
|
| Bottom of the 3rd over - 4 runs, 4 hits, 0 errors, 0 left on base; Toronto 1 - Washington 6 |
| TOP OF THE 4TH |
|
Toronto Blue Jays batting - Pitching for Washington Nationals : RHP Reece Nichols
|
|
Batting: SHB Zory Larikov
|
0-0: Ground out 3-1 (Groundball, 34, EV 106.3 MPH)
|
|
Batting: RHB Kirk Arp
|
0-0: Foul Ball, location: 2F 0-1: Swinging Strike 0-2: Ball 1-2: Strikes out swinging
|
|
Batting: RHB Ruben Velasco
|
0-0: Ball 1-0: Ball 2-0: Foul Ball, location: 2F 2-1: Foul Ball, location: 2F 2-2: Ground out 5-3 (Groundball, 56S, EV 89.4 MPH)
|
| Top of the 4th over - 0 runs, 0 hits, 0 errors, 0 left on base; Toronto 1 - Washington 6 |
| BOTTOM OF THE 4TH |
|
Washington Nationals batting - Pitching for Toronto Blue Jays : RHP Tony Rios
|
|
Pitching: RHP Mike Pedigo
|
|
|
Batting: LHB Yasahiko Teshima
|
0-0: Fly out, F8 (Flyball, 8RS, EV 88.1 MPH)
|
|
Batting: RHB Mike Blair
|
0-0: Ground out 2-3 (Groundball, 13S, EV 70.0 MPH)
|
|
Batting: SHB Andrew Wray II
|
0-0: Ground out U3 (Groundball, 3, EV 88.1 MPH)
|
| Bottom of the 4th over - 0 runs, 0 hits, 0 errors, 0 left on base; Toronto 1 - Washington 6 |
| TOP OF THE 5TH |
|
Toronto Blue Jays batting - Pitching for Washington Nationals : RHP Reece Nichols
|
|
Batting: LHB Gabe White
|
0-0: Called Strike 0-1: Ground out 4-3 (Groundball, 34D, EV 98.8 MPH)
|
|
Batting: RHB Adam Burke
|
0-0: Ball 1-0: Ball 2-0: Called Strike 2-1: Ball 3-1: Fly out, F3 (Line Drive, 3, EV 75.6 MPH)
|
|
Batting: LHB Isto Mäyrä
|
0-0: Called Strike 0-1: DOUBLE (Flyball, 8RXD, EV 109.4 MPH)
|
|
Batting: RHB Cole Zelinski
|
0-0: Fly out, F8 (Flyball, 8RS, EV 88.8 MPH)
|
| Top of the 5th over - 0 runs, 1 hit, 0 errors, 1 left on base; Toronto 1 - Washington 6 |
| BOTTOM OF THE 5TH |
|
Washington Nationals batting - Pitching for Toronto Blue Jays : RHP Mike Pedigo
|
|
Batting: RHB C.J. Beavers
|
0-0: Swinging Strike 0-1: Called Strike 0-2: Foul Ball, location: 2F 0-2: Foul Ball, location: 2F 0-2: Ball 1-2: Foul Ball, location: 2F 1-2: Foul Ball, location: 2F 1-2: Ball 2-2: Foul Ball, location: 2F 2-2: Foul Ball, location: 2F 2-2: Ball 3-2: Foul Ball, location: 2F 3-2: SINGLE (Groundball, 56D, EV 100.0 MPH)
|
|
Batting: LHB R.J. O'Brien
|
0-0: Ball 1-0: Called Strike 1-1: Called Strike C.J. Beavers is caught stealing 2nd base 2-6 1-2: Foul Ball, location: 2F 1-2: Ball 2-2: Strikes out swinging
|
|
Batting: RHB John Sanders
|
0-0: Ball 1-0: Ball 2-0: Ground out 6-3 (Groundball, 6, EV 82.5 MPH)
|
| Bottom of the 5th over - 0 runs, 1 hit, 0 errors, 0 left on base; Toronto 1 - Washington 6 |
| TOP OF THE 6TH |
|
Toronto Blue Jays batting - Pitching for Washington Nationals : RHP Reece Nichols
|
|
Batting: LHB Jon Schick
|
0-0: Ball 1-0: Swinging Strike 1-1: Ball 2-1: Foul Ball, location: 2F 2-2: Foul Ball, location: 2F 2-2: Fly out, F8 (Flyball, 8LS, EV 88.8 MPH)
|
|
Batting: RHB Shigem Kubo
|
0-0: Ball 1-0: Ball 2-0: Called Strike 2-1: Called Strike 2-2: Strikes out swinging
|
|
Batting: SHB Zory Larikov
|
0-0: Ground out U3 (Groundball, 3, EV 85.6 MPH)
|
| Top of the 6th over - 0 runs, 0 hits, 0 errors, 0 left on base; Toronto 1 - Washington 6 |
| BOTTOM OF THE 6TH |
|
Washington Nationals batting - Pitching for Toronto Blue Jays : RHP Mike Pedigo
|
|
Batting: LHB Armando Carbajal
|
0-0: Ball 1-0: Foul Ball, location: 2F 1-1: Fly out, F7 (Flyball, 7LM, EV 96.9 MPH)
|
|
Batting: SHB Junzo Kato
|
0-0: Foul Ball, location: 2F 0-1: Called Strike 0-2: Strikes out swinging
|
|
Batting: RHB Luis Torres
|
0-0: Ball 1-0: Fly out, F8 (Flyball, 8RXD, EV 98.8 MPH)
|
| Bottom of the 6th over - 0 runs, 0 hits, 0 errors, 0 left on base; Toronto 1 - Washington 6 |
| TOP OF THE 7TH |
|
Toronto Blue Jays batting - Pitching for Washington Nationals : RHP Reece Nichols
|
|
Batting: RHB Kirk Arp
|
0-0: Called Strike 0-1: Called Strike 0-2: Ball 1-2: Ball 2-2: Foul Ball, location: 2F 2-2: Ball 3-2: Strikes out swinging
|
|
Batting: RHB Ruben Velasco
|
0-0: Called Strike 0-1: Ball 1-1: Ball 2-1: Foul Ball, location: 2F 2-2: Ball 3-2: Foul Ball, location: 2F 3-2: Base on Balls
|
|
Batting: LHB Gabe White
|
0-0: Called Strike 0-1: Ball 1-1: Ball 2-1: Foul Ball, location: 2F 2-2: Foul Ball, location: 2F 2-2: Ball 3-2: Fly out, F4 (Flyball, 4D, EV 86.9 MPH)
|
|
Batting: RHB Adam Burke
|
0-0: Ball 1-0: Foul Ball, location: 2F 1-1: Called Strike 1-2: Ball 2-2: Fielders Choice at 2nd, 6-4 (Groundball, 6, EV 105.0 MPH)
|
| Top of the 7th over - 0 runs, 0 hits, 0 errors, 1 left on base; Toronto 1 - Washington 6 |
| BOTTOM OF THE 7TH |
|
Washington Nationals batting - Pitching for Toronto Blue Jays : RHP Mike Pedigo
|
|
Batting: LHB Yasahiko Teshima
|
0-0: Fly out, F5 (Line Drive, 6, EV 70.6 MPH)
|
|
Batting: RHB Mike Blair
|
0-0: Swinging Strike 0-1: Foul Ball, location: 2F 0-2: Ball 1-2: Foul Ball, location: 2F 1-2: Fly out, F8 (Flyball, 89D, EV 95.0 MPH)
|
|
Batting: SHB Andrew Wray II
|
0-0: Foul Ball, location: 2F 0-1: Ball 1-1: Ball 2-1: SINGLE (Groundball, 34D, EV 107.5 MPH)
|
|
Batting: RHB C.J. Beavers
|
0-0: Called Strike 0-1: Foul Ball, location: 2F 0-2: Strikes out swinging
|
| Bottom of the 7th over - 0 runs, 1 hit, 0 errors, 1 left on base; Toronto 1 - Washington 6 |
| TOP OF THE 8TH |
|
Toronto Blue Jays batting - Pitching for Washington Nationals : RHP Reece Nichols
|
|
Batting: LHB Isto Mäyrä
|
0-0: Ball 1-0: Called Strike 1-1: Foul Ball, location: 2F 1-2: Ground out 4-3 (Groundball, 34D, EV 78.1 MPH)
|
|
Batting: RHB Cole Zelinski
|
0-0: Ball 1-0: Called Strike 1-1: Fly out, F4 (Popup, 3DF, EV 62.5 MPH)
|
|
Batting: LHB Jon Schick
|
0-0: Ball 1-0: Foul Ball, location: 2F 1-1: Called Strike 1-2: Ball 2-2: Ball 3-2: Ground out 5-3 (Groundball, 56S, EV 67.5 MPH)
|
| Top of the 8th over - 0 runs, 0 hits, 0 errors, 0 left on base; Toronto 1 - Washington 6 |
| BOTTOM OF THE 8TH |
|
Washington Nationals batting - Pitching for Toronto Blue Jays : RHP Mike Pedigo
|
|
Batting: LHB R.J. O'Brien
|
0-0: Called Strike 0-1: Ball 1-1: Ball 2-1: Foul Ball, location: 2F 2-2: Ball 3-2: DOUBLE (Flyball, 8RXD, EV 103.1 MPH)
|
|
Pitching: LHP Katsumi Omura
|
|
|
Batting: RHB John Sanders
|
0-0: Ball 1-0: Ball 2-0: Fly out, F8 (Line Drive, 8LM, EV 103.8 MPH)
|
|
Batting: LHB Armando Carbajal
|
0-0: Swinging Strike 0-1: Called Strike 0-2: Ball 1-2: Ball 2-2: Ball 3-2: Strikes out swinging
|
|
Batting: SHB Junzo Kato
|
0-0: Ground out 4-3 (Groundball, 4S, EV 73.8 MPH)
|
| Bottom of the 8th over - 0 runs, 1 hit, 0 errors, 1 left on base; Toronto 1 - Washington 6 |
| TOP OF THE 9TH |
|
Toronto Blue Jays batting - Pitching for Washington Nationals : RHP Reece Nichols
|
|
Pitching: RHP Brian Ramirez
|
|
|
Batting: RHB Shigem Kubo
|
0-0: Ball 1-0: Ball 2-0: Ground out 1-3 (Groundball, 13, EV 75.6 MPH)
|
|
Batting: SHB Zory Larikov
|
0-0: Ball 1-0: Ground out 4-3 (Groundball, 4, EV 87.5 MPH)
|
|
Batting: RHB Kirk Arp
|
0-0: Ball 1-0: SINGLE (Flyball, 4D, EV 90.0 MPH)
|
|
Batting: RHB Ruben Velasco
|
0-0: Ball 1-0: Ball 2-0: Ball 3-0: Base on Balls Kirk Arp to second
|
|
Batting: LHB Gabe White
|
0-0: Called Strike 0-1: Ball 1-1: Foul Ball, location: 2F 1-2: SINGLE (Line Drive, 3D, EV 102.5 MPH) Kirk Arp to third Ruben Velasco to second
|
|
Pitching: LHP Chris Baran
|
|
|
Batting: RHB Adam Burke
|
0-0: Called Strike 0-1: Swinging Strike 0-2: Ball 1-2: Foul Ball, location: 2F 1-2: Ball 2-2: Ball 3-2: Strikes out looking
|
| Top of the 9th over - 0 runs, 2 hits, 0 errors, 3 left on base; Toronto 1 - Washington 6 |
|